 Dungeon Crawl Stone Soup version 0.24-a0-251-g44e327e (webtiles) character file.

Game seed: 13848993780141418104

62941 Hasart the Covert (level 15, 0/95 HPs)
             Began as a Kobold Gladiator on Apr 17, 2019.
             Was the Champion of Wu Jian.
             Slain by an eight-headed hydra (7 damage)
             ... while petrified by a basilisk
             ... on level 6 of the Lair of Beasts.
             The game lasted 01:07:22 (23999 turns).

Hasart the Covert (Kobold Gladiator)               Turns: 23999, Time: 01:07:23

Health: 0/95       AC: 19    Str: 20    XL:     15   Next: 48%
Magic:  23/23      EV:  3    Int: 12    God:    Wu Jian [******]
Gold:   1357       SH:  0    Dex: 18    Spells: 14/14 levels left

rFire    + . .     SeeInvis .   P - +6 demon trident
rCold    . . .     Gourm    .   (shield currently unavailable)
rNeg     + + +     Faith    .   b - +4 ring mail of the Exiled Moons {MR+ Regen+ Str+4}
rPois    ∞         Spirit   .   c - +0 helmet
rElec    .         Reflect  .   O - +0 cloak of the Moon {Int+2}
rCorr    .         Harm     .   G - +1 pair of gloves
MR       ++...                  n - +2 pair of boots
Stlth    +++++.....             (no amulet)
HPRegen  0.65/turn              U - ring of protection from fire
MPRegen  0.18/turn              l - +2 ring of slaying

@: petrified
A: small, carnivore
a: Wall Jump, Serpent's Lash, Heavenly Storm, Renounce Religion


You were on level 6 of the Lair of Beasts.
You worshipped Wu Jian.
Wu Jian was exalted by your worship.
You were completely stuffed.

You visited 3 branches of the dungeon, and saw 21 of its levels.
You also visited: Gauntlet and Ice Cave.

You collected 1609 gold pieces.
You spent 252 gold pieces at shops.

Inventory:

Hand Weapons
 H - a +1 lajatang
 P - a +6 demon trident (weapon)
Missiles
 d - 7 throwing nets (quivered)
Armour
 b - the +4 ring mail of the Exiled Moons (worn) {MR+ Regen+ Str+4}
   (You found it on level 5 of the Dungeon)

   It affects your strength (+4).
   It affects your resistance to hostile enchantments.
   It increases your rate of regeneration.
 c - a +0 helmet (worn)
 n - a +2 pair of boots (worn)
 G - a +1 pair of gloves (worn)
 O - the +0 cloak of the Moon (worn) {Int+2}
   (You found it on level 2 of the Lair of Beasts)

   It affects your intelligence (+2).
 T - the +1 hat of the Shoals {rN+++ MR- Str-2}
   (You found it in a Gauntlet)

   It affects your strength (-2).
   It renders you almost immune to negative energy.
   It affects your resistance to hostile enchantments.
Jewellery
 g - an uncursed ring of poison resistance
 l - a +2 ring of slaying (right hand)
 m - an uncursed ring of resist corrosion
 r - an uncursed ring of protection from magic
 t - an uncursed ring of ice
 y - an uncursed ring of flight
 S - an uncursed ring of see invisible
 U - a ring of protection from fire (left hand)
 Z - a +3 ring of evasion
Wands
 a - a wand of paralysis (18)
 h - a wand of disintegration (5)
 v - a wand of enslavement (9)
 D - a wand of iceblast (22)
 J - a wand of scattershot (5)
 M - a wand of acid (14)
 Q - a wand of digging (12)
Scrolls
 i - 2 scrolls of amnesia
 j - a scroll of enchant armour
 k - a scroll of fog
 p - 9 scrolls of teleportation
 s - 3 scrolls of magic mapping
 u - 7 scrolls of remove curse
 w - 10 scrolls of identify
 z - a scroll of noise {unknown}
 E - a scroll of fear
 W - a scroll of enchant weapon
Potions
 e - 2 potions of mutation
 q - 2 potions of ambrosia
 x - a potion of resistance
 A - a potion of might
 B - 3 potions of curing
 C - 4 potions of heal wounds
 I - 2 potions of flight
 K - 3 potions of lignification
 R - 3 potions of agility
Miscellaneous
 o - a lamp of fire
 N - a fan of gales
 Y - a lightning rod (4/4)
Comestibles
 f - 34 rations
 F - 2 chunks of flesh


   Skills:
 + Level 11.2 Fighting
 * Level 13.1 Staves
 - Level 2.1 Throwing
 + Level 8.5 Armour
 + Level 12.4 Dodging
 + Level 13.8 Stealth
 + Level 11.3 Evocations


You had 14 spell levels left.
You didn't know any spells.
Your spell library contained the following spells:

 Spells                   Type           Power        Failure   Level  Hunger
 Animate Skeleton         Necr           N/A          45%         1    ##.....
 Confusing Touch          Hex            #.....       45%         1    ##.....
 Corona                   Hex            #......      45%         1    ##.....
 Infusion                 Chrm           #...         45%         1    ##.....
 Pain                     Necr           #...         45%         1    ##.....
 Corpse Rot               Necr           N/A          61%         2    ###....
 Ensorcelled Hibernation  Hex/Ice        #.....       61%         2    ###....
 Shroud of Golubria       Chrm/Tloc      #.........   61%         2    ###....
 Song of Slaying          Chrm           #.......     61%         2    ###....
 Confuse                  Hex            #.......     83%         3    ####...
 Dazzling Spray           Conj/Hex       #.....       83%         3    ####...
 Gell's Gravitas          Tloc           #.........   83%         3    ####...
 Ignite Poison            Fire/Tmut/Pois #.......     83%         3    ####...
 Regeneration             Chrm/Necr      #.........   83%         3    ####...
 Spectral Weapon          Hex/Chrm       #.......     83%         3    ####...
 Stone Arrow              Conj/Erth      #.....       83%         3    ####...
 Tukima's Dance           Hex            #.......     83%         3    ####...
 Vampiric Draining        Necr           #.........   83%         3    ####...
 Animate Dead             Necr           N/A          99%         4    #####..
 Cause Fear               Hex            #.........   99%         4    #####..
 Leda's Liquefaction      Hex/Erth       #.........   99%         4    #####..
 Petrify                  Tmut/Erth      #.......     99%         4    #####..
 Summon Lightning Spire   Summ/Air       #.......     99%         4    #####..
 Fireball                 Conj/Fire      #.........   100%        5    ######.
 Metabolic Englaciation   Hex/Ice        #.........   100%        5    ######.
 Silence                  Hex/Air        #.........   100%        5    ######.
 Summon Forest            Summ/Tloc      #.........   100%        5    ######.
 Yara's Violent Unravell  Hex/Tmut       #.........   100%        5    ######.
 Bolt of Fire             Conj/Fire      #.........   100%        6    #######
 Conjure Ball Lightning   Conj/Air       #.........   100%        6    #######
 Deflect Missiles         Chrm/Air       #.........   100%        6    #######
 Hydra Form               Tmut           #.........   100%        6    #######
 Ring of Flames           Chrm/Fire      #.........   100%        7    #######
 Summon Hydra             Summ           #.........   100%        7    #######
 Discord                  Hex            #.........   100%        8    #######
 Ignition                 Fire           #.........   100%        8    #######
 Tornado                  Air            #.........   100%        9    #######


Dungeon Overview and Level Annotations

Branches:
Dungeon (13/15)            Temple (0/1) D:4            Lair (6/6) D:8
  Swamp (0/4) Lair:4        Snake (0/4) Lair:2        Slime (0/5) Lair:5
    Orc (2/2) D:12            Elf (0/3) Orc:2        Vaults (0/5) D:13

Altars:
Ashenzari
Dithmenos
Elyvilon
Uskayaw
Wu Jian
Yredelemnul
The Shining One
Beogh

Shops:
D:6 [   D:11 (   Orc:1 :   Orc:2 %(([

Annotations:
D:3 2 transporters, Borgoz's ghost, amateur KoGl
D:11 Erica
Lair:6 2 runed translucent doors


Innate Abilities, Weirdness & Mutations

You are small and have problems with some larger weapons.
You are carnivorous and can eat meat at any time.


Message History

* * * LOW HITPOINT WARNING * * *
The eight-headed hydra bites you.
* * * LOW HITPOINT WARNING * * *
The eight-headed hydra bites you.
* * * LOW HITPOINT WARNING * * *
The black mamba bites you but does no damage. x2
The eight-headed hydra bites you!
* * * LOW HITPOINT WARNING * * *
The eight-headed hydra bites you but does no damage. x7
The black mamba bites you.
* * * LOW HITPOINT WARNING * * *
The black mamba bites you.
The eight-headed hydra barely misses you.
The eight-headed hydra bites you.
* * * LOW HITPOINT WARNING * * *
The eight-headed hydra bites you but does no damage.
The eight-headed hydra bites you!
* * * LOW HITPOINT WARNING * * *
The eight-headed hydra bites you!
You die...

#≈ 8#... §#§ ...... §≈S#
...... #§§≈ #.... #≈≈#...
###SS.# #####8##..# ..
#8#8..#Dl###.§
##....@S9.≈§§§§
####......#≈§.§.§§§#§
###.......§§§≈.##++##§≈ ###
#.........#§§.##....##≈§##.#
........##≈§≈§#......#≈≈#)..
####........§§#......#§#....
##...§...#≈#......#≈§....
##......#≈#$$..$$#≈§§...
#8.....##§##$%? ##≈≈#...


You could see an eight-headed hydra, a black mamba, a basilisk, a molten
gargoyle and a lava snake.

Vanquished Creatures
  Gastronok (Orc:1)
  An orc warlord (Orc:2)
  A minotaur (Gauntlet)
  Snorg (Lair:4)
  Fannar (Lair:3)
  4 vault guards (D:13)
  Harold (D:8)
  7 hydras
  2 two-headed ogres
  A soul eater (Gauntlet)
  An orc high priest (Orc:2)
  Urug (Lair:3)
  Nergalle (Lair:3)
  2 orc knights (Orc:2)
  A wolf spider zombie (D:12)
  A necromancer (IceCv)
  A lindwurm (Lair:6)
  A deep elf mage (D:12)
  2 ugly things
  2 orc sorcerers (Orc:2)
  3 cyclopes
  A torpor snail (Lair:5)
  4 black mambas
  An ice statue (IceCv)
  A gargoyle (D:11)
  2 molten gargoyles (Lair:6)
  2 centaur skeletons
  11 spiny frogs
  4 rime drakes
  10 freezing wraiths (IceCv)
  10 komodo dragons
  3 ice devils
  5 trolls
  Grinder (D:6)
  3 polar bears
  A wolf spider simulacrum (Gauntlet)
  A hornet (D:9)
  8 blink frogs
  9 hippogriffs
  4 dream sheep (Lair:5)
  A spriggan (D:7)
  20 yaks
  A water elemental (D:12)
  5 wyverns
  A vampire (D:12)
  5 basilisks
  A death yak simulacrum (IceCv)
  A harpy simulacrum (Gauntlet)
  A redback simulacrum (Gauntlet)
  10 wargs
  An acid dragon (D:12)
  6 water moccasins
  4 hell hounds (Lair:6)
  7 porcupines
  23 orc warriors
  4 sky beasts
  A necrophage (D:12)
  10 ice beasts
  A phantom (D:9)
  7 ogres
  9 wolves
  9 crocodiles
  14 centaurs
  A big kobold (D:7)
  14 bullfrogs
  3 scorpions
  A water moccasin skeleton (D:6)
  10 killer bees
  10 electric eels
  6 howler monkeys
  9 crimson imps
  2 lava snakes (Lair:6)
  A quasit (D:6)
  11 jellies
  A centaur zombie (D:8)
  2 draconian simulacra (IceCv)
  28 orc priests
  5 hounds
  34 orc wizards
  10 iguanas
  Ijyb (D:5)
  2 bullfrog skeletons
  2 spriggan simulacra (IceCv)
  13 worker ants
  A polar bear simulacrum (IceCv)
  A killer bee zombie (D:5)
  6 troll simulacra (IceCv)
  2 wolf simulacra (IceCv)
  3 centaur simulacra
  4 hound skeletons
  A worker ant zombie (D:11)
  2 naga simulacra (IceCv)
  9 adders
  6 ogre simulacra (IceCv)
  12 shadow imps
  14 white imps
  4 oozes
  2 adder zombies
  A worm (D:6)
  A dart slug (D:1)
  8 leopard geckos
  105 orcs
  A ball python (D:4)
  10 giant cockroaches
  14 goblins
  10 hobgoblins
  16 jackals
  11 kobolds
  9 quokkas
  A ball python skeleton (D:5)
  5 bats
  3 frilled lizards
  2 gnoll zombies (D:2)
  A leopard gecko zombie (D:8)
  7 rats
  A fungus (Lair:3)
698 creatures vanquished.

Vanquished Creatures (others)
  A bullfrog (Lair:5)
  An orc wizard (D:13)
  5 fungi
  4 plants (D:3)
11 creatures vanquished.

Grand Total: 709 creatures vanquished

Notes
Turn   | Place    | Note
-------+----------+-------------------------------------------
     0 | D:1      | Hasart the Kobold Gladiator began the quest for the Orb.
     0 | D:1      | Reached XP level 1. HP: 12/12 MP: 1/1
   146 | D:1      | Reached XP level 2. HP: 10/18 MP: 2/2
   515 | D:1      | Reached skill level 1 in Stealth
   985 | D:1      | Reached XP level 3. HP: 22/22 MP: 3/3
  1952 | D:2      | Reached XP level 4. HP: 27/27 MP: 4/4
  2217 | D:2      | Reached skill level 1 in Armour
  2262 | D:2      | Found a basalt altar of Yredelemnul.
  2367 | D:2      | Found an ornate altar of the Wu Jian Council.
  2381 | D:2      | Became a worshipper of the Wu Jian Council
  2641 | D:3      | Found a transporter.
  2683 | D:3      | Noticed Borgoz's ghost (amateur KoGl)
  2697 | D:3      | Identified the +6 spear "Xyunil" {venom, rPois rC+ MR+}
  2772 | D:3      | Found a faded altar of an unknown god.
  2825 | D:3      | Found a shattered altar of Ashenzari.
  3026 | D:3      | Found a transporter.
  3028 | D:3      | Reached XP level 5. HP: 32/32 MP: 5/5
  3409 | D:4      | Noticed a centaur
  3422 | D:4      | Killed a centaur
  3422 | D:4      | Reached XP level 6. HP: 11/37 MP: 6/6
  3854 | D:4      | Found a staircase to the Ecumenical Temple.
  4088 | D:4      | Reached * piety under Wu Jian
  4129 | D:4      | Reached XP level 7. HP: 31/41 MP: 7/7
  4135 | D:4      | Reached skill level 5 in Dodging
  4790 | D:5      | Entered Level 5 of the Dungeon
  4799 | D:5      | Noticed Ijyb
  4805 | D:5      | Noticed a yak
  4813 | D:5      | Noticed a yak
  4815 | D:5      | Noticed a yak
  4816 | D:5      | Noticed a yak
  5011 | D:5      | Killed Ijyb
  5074 | D:5      | Reached skill level 5 in Staves
  5107 | D:5      | Reached XP level 8. HP: 12/48 MP: 8/8
  5476 | D:5      | Reached skill level 1 in Evocations
  5735 | D:5      | Killed a yak
  5735 | D:5      | Reached skill level 5 in Stealth
  6448 | D:5      | Got a dazzling ring mail
  6463 | D:5      | Identified the +4 ring mail of the Exiled Moons {MR+ Regen+
                  | Str+4} (You found it on level 5 of the Dungeon)
  7062 | D:6      | Noticed Grinder
  7082 | D:6      | Killed Grinder
  7082 | D:6      | Reached ** piety under Wu Jian
  7082 | D:6      | Reached XP level 9. HP: 53/53 MP: 10/10
  7166 | D:6      | Found Woaciece's Antique Armour Boutique.
  7168 | D:6      | Reached skill level 5 in Fighting
  8342 | D:7      | Reached *** piety under Wu Jian
  8711 | D:7      | Reached XP level 10. HP: 46/60 MP: 13/13
  9177 | D:8      | Noticed Harold
  9183 | D:8      | Killed Harold
  9183 | D:8      | Reached skill level 5 in Evocations
  9457 | D:8      | Found a staircase to the Lair.
  9485 | Lair:1   | Entered Level 1 of the Lair of Beasts
  9485 | Lair:1   | Noticed a spiny frog
  9569 | Lair:1   | Killed a spiny frog
  9825 | Lair:1   | Reached XP level 11. HP: 42/66 MP: 15/15
  9841 | Lair:1   | Reached skill level 5 in Armour
  9920 | Lair:1   | Reached **** piety under Wu Jian
 10435 | Lair:2   | Found a staircase to the Snake Pit.
 10460 | Lair:2   | Got a scorched cloak
 10466 | Lair:2   | Identified the +0 cloak of the Moon {Int+2} (You found it
                  | on level 2 of the Lair of Beasts)
 10486 | Lair:2   | Found a dark tunnel.
 10581 | Lair:2   | Found a frozen archway.
 10639 | IceCv    | Entered an ice cave
 11274 | IceCv    | Found an ancient bone altar of Kikubaaqudgha.
 11586 | IceCv    | Reached XP level 12. HP: 50/73 MP: 17/17
 11795 | IceCv    | Reached skill level 10 in Stealth
 12806 | Lair:3   | Found a hide-covered altar of Uskayaw.
 12868 | Lair:3   | Reached skill level 10 in Staves
 12876 | Lair:3   | Noticed Fannar
 12898 | Lair:3   | Killed Fannar
 13062 | Lair:3   | Noticed Urug
 13072 | Lair:3   | Killed Urug
 13157 | Lair:3   | Reached ***** piety under Wu Jian
 13365 | Lair:3   | Noticed Nergalle
 13387 | Lair:3   | Killed Nergalle
 13387 | Lair:3   | Reached skill level 10 in Dodging
 13821 | Lair:4   | Found a gate leading to a gauntlet.
 13830 | Gauntlet | Entered a Gauntlet
 13830 | Gauntlet | Found a transporter.
 13834 | Gauntlet | Noticed a soul eater
 13835 | Gauntlet | Found a transporter.
 13836 | Gauntlet | Found a transporter.
 13850 | Gauntlet | Found a transporter.
 13852 | Gauntlet | Found a transporter.
 13861 | Gauntlet | Identified the ring "Bielaasch" {Fire +Inv Str+2 Int+4}
 13862 | Gauntlet | Found a transporter.
 13879 | Gauntlet | Found a transporter.
 13885 | Gauntlet | Found a transporter.
 13886 | Gauntlet | Noticed a hell hog
 13905 | Gauntlet | Found a transporter.
 13915 | Gauntlet | Found a transporter.
 13930 | Gauntlet | Found a transporter.
 13939 | Gauntlet | Found a transporter.
 13942 | Gauntlet | Found a transporter.
 13993 | Gauntlet | Killed a soul eater
 14080 | Gauntlet | Found a transporter.
 14101 | Gauntlet | Got a bloodstained hat
 14112 | Gauntlet | Identified the +1 hat of the Shoals {rN+++ MR- Str-2} (You
                  | found it in a Gauntlet)
 14139 | Gauntlet | Reached XP level 13. HP: 52/80 MP: 19/19
 14256 | Gauntlet | Identified the +11 war axe "Wautt" {antimagic, *Corrode
                  | +Rage MR+}
 14256 | Gauntlet | Noticed a minotaur
 14260 | Gauntlet | Killed a minotaur
 14384 | Lair:4   | Found a staircase to the Swamp.
 14445 | Lair:4   | Noticed an eight-headed hydra
 14471 | Lair:4   | Killed an eight-headed hydra
 14611 | Lair:4   | Noticed Snorg
 14826 | Lair:4   | Killed Snorg
 15540 | Lair:5   | Found a staircase to the Slime Pits.
 15587 | Lair:5   | Noticed a seven-headed hydra
 16491 | D:9      | Found a hide-covered altar of Uskayaw.
 16505 | D:9      | Found a shadowy altar of Dithmenos.
 16509 | D:9      | Found a white marble altar of Elyvilon.
 16702 | D:9      | Found a glowing golden altar of the Shining One.
 16916 | D:10     | Entered Level 10 of the Dungeon
 17694 | D:11     | Found Ociwij's Antique Weapon Boutique.
 17903 | D:11     | Reached ****** piety under Wu Jian
 18109 | D:11     | Reached XP level 14. HP: 85/87 MP: 21/21
 18612 | D:11     | Noticed Erica
 18739 | D:12     | Reached skill level 10 in Fighting
 19283 | D:12     | Reached skill level 10 in Evocations
 19579 | D:12     | Found a staircase to the Orcish Mines.
 20389 | D:13     | Found a gate to the Vaults.
 20526 | Orc:1    | Entered Level 1 of the Orcish Mines
 20646 | Orc:1    | Found Offauv's Book Boutique.
 20815 | Orc:1    | Noticed Gastronok
 20831 | Orc:1    | Killed Gastronok
 21086 | Orc:2    | Entered Level 2 of the Orcish Mines
 21168 | Orc:2    | Found a roughly hewn altar of Beogh.
 21187 | Orc:2    | Found Zeihick's Antique Weapon Boutique.
 21613 | Orc:2    | Found a roughly hewn altar of Beogh.
 21848 | Orc:2    | Found a staircase to the Elven Halls.
 21861 | Orc:2    | Found a roughly hewn altar of Beogh.
 21899 | Orc:2    | Found a roughly hewn altar of Beogh.
 21920 | Orc:2    | Found Ynuffug's Food Emporium.
 22093 | Orc:2    | Noticed an orc warlord
 22107 | Orc:2    | Killed an orc warlord
 22112 | Orc:2    | Reached XP level 15. HP: 34/93 MP: 23/23
 22289 | Orc:2    | Found Zeodgh's Antique Armour Boutique.
 22296 | Orc:2    | Found a roughly hewn altar of Beogh.
 22297 | Orc:2    | Found Vetagig's Antique Weapon Shop.
 22316 | Orc:2    | Bought a slimy scale mail for 252 gold pieces
 22316 | Orc:2    | Identified the +6 scale mail of the Spider Nest {Slay+2}
                  | (You bought it in a shop on level 2 of the Orcish Mines)
 22452 | Orc:2    | Found a roughly hewn altar of Beogh.
 23339 | Lair:6   | Entered Level 6 of the Lair of Beasts
 23981 | Lair:6   | Found a large runed translucent door.
 23981 | Lair:6   | Found a large runed translucent door.
 23999 | Lair:6   | Slain by an eight-headed hydra

Levels and vault maps discovered:
D:1:      dpeg_arrival_morbid_curiosity, layout_basic
D:2:      layout_rooms, lemuel_zombie_altar_yredelemnul,
          nicolae_overflow_crystal_walls, minmay_misc_feat_room, minivault_26
D:3:      layout_rooms, lemuel_crystal_altar, gammafunk_ghost_gnarly_gnolls,
          chequers_ecumenical_altar_simple_redux
D:4:      layout_gridville, minmay_temple_entry_fiery, first_ration
D:5:      layout_basic, uniq_ijyb
D:6:      layout_loops_ring, serial_shops, shop_fountains, uniq_grinder
D:7:      layout_gridville, chequers_garden, the_bakery
D:8:      lemuel_ice_spiral_2, layout_basic, erik_lair_orcish_takeover,
          serial_glass, glass_columns_c, glass_columns_c, uniq_harold
D:9:      layout_stronghold, old_standard_altar,
          chequers_temple_overflow_statue_of_worship, basic_altar,
          serial_column_ruins, column_ruins_columns_T,
          column_ruins_columns_straight, column_ruins_open_small
D:10:     layout_roguey
D:11:     layout_loops_corners, serial_shops, shop, uniq_erica
D:12:     layout_basic, orc_0_dummy, minmay_stone_trees_small
D:13:     layout_basic, erik_vaults_2, uniq_jorgrun
Lair:1:   layout_misc_corridors, hangedman_lair_unloving_vines
Lair:2:   wander_river, layout_cave_pods, dummy_snake_entry,
          portal_ice_cave_demonic_guard, nicolae_volcano_entry_lava_flow,
          serial_bayou_pond_c, infiniplex_staircase_pool
Lair:3:   layout_cave_pods, basic_altar, uniq_urug, uniq_nergalle, uniq_fannar
Lair:4:   layout_roguey, minmay_swamp_entry_eels, gauntlet_entry_generic,
          uniq_snorg
Lair:5:   layout_roguey, nicolae_slime_entry_slimehenge
Lair:6:   cheibrodos_lair_end_hotspot, layout_long_grid, st_stairs_12,
          cheibrodos_lair_lostbears
Orc:1:    layout_caves, serial_shops, shop, mines5_lemuel, uniq_gastronok
Orc:2:    grunt_orc_community_town_hall, layout_diamond_mine,
          grunt_orc_community_big_house_2, grunt_orc_community_big_house_2,
          grunt_orc_community_house_3, grunt_orc_community_house_3,
          grunt_orc_community_house_2, grunt_orc_community_house_3,
          nicolae_orc_flooded_monolith
IceCv:    ice_cave_small_necro
Gauntlet: minmay_gauntlet_77_tree [minmay_gauntlet_arena_77_chump_sandwich,
          minmay_gauntlet_arena_77_braids, minmay_gauntlet_arena_77_checkered,
          minmay_gauntlet_arena_77_broken_ladder,
          minmay_gauntlet_arena_77_p_blocks, minmay_gauntlet_arena_77_mirror,
          minmay_gauntlet_arena_77_block_sizes, gauntlet_exit_green]

Skill      XL: |  1  2  3  4  5  6  7  8  9 10 11 12 13 14 15 |
---------------+----------------------------------------------+-----
Stealth        | 1 2 3 4 5 7 8 9 11 12 13 | 13.8
Staves         | 3 4 5 6 7 8 9 10 11 12 13 | 13.1
Dodging        | 4 5 6 7 8 9 10 11 12 | 12.4
Armour         | 1 2 3 4 5 6 7 8 |  8.5
Fighting       | 3 4 5 6 7 8 9 10 11 | 11.2
Evocations     | 2 4 5 7 8 9 10 11 | 11.3
Throwing       | |  2.1

Action                   |  1- 3 |  4- 6 |  7- 9 | 10-12 | 13-15 || total
-------------------------+-------+-------+-------+-------+-------++-------
Melee: Quarterstaff      |   116 |   179 |   495 |       |       ||   790
       Lajatang          |       |       |    61 |   708 |  1245 ||  2014
       Demon trident     |       |       |       |       |    97 ||    97
Invok: Lunge             |       |    13 |    29 |    57 |   110 ||   209
       Whirlwind         |       |       |    55 |   105 |   179 ||   339
       Serpent's Lash    |       |       |       |     5 |     4 ||     9
       Heavenly Storm    |       |       |       |       |     1 ||     1
 Abil: Wall Jump         |       |       |       |     5 |       ||     5
Evoke: Wand              |       |       |       |     8 |    14 ||    22
       Lightning rod     |       |       |       |       |     1 ||     1
  Use: Potion            |       |     3 |       |     2 |     9 ||    14
       Scroll            |       |       |       |    13 |     5 ||    18
 Stab: Sleeping          |     3 |     3 |    14 |     9 |    49 ||    78
       Distracted        |       |       |       |     5 |    11 ||    16
  Eat: Chunk             |    12 |     7 |    15 |    17 |    35 ||    86
Armor: Leather armour    |    47 |    42 |    28 |       |       ||   117
       Ring mail         |       |       |   136 |   215 |   271 ||   622
       Skin              |       |       |     2 |       |       ||     2
Dodge: Dodged            |   112 |   158 |   502 |   569 |  1062 ||  2403

Table legend:
 A = Non-vault XP
 B = Vault XP
 C = Vault XP percentage of total XP
 D = Non-vault monster count
 E = Vault monster count
 F = Vault count percentage of total count
                 A         B        C        D         E       F
            +---------+---------+-------+---------+---------+-------
      Total |   52077 |   37840 |  42.1 |     496 |     202 |  28.9
            +---------+---------+-------+---------+---------+-------
        D:1 |      26 |      10 |  27.8 |      18 |       5 |  21.7
        D:2 |      69 |       2 |   2.8 |      26 |       2 |   7.1
        D:3 |      78 |       0 |   0.0 |      14 |       0 |   0.0
        D:4 |     556 |       0 |   0.0 |      28 |       0 |   0.0
        D:5 |     917 |      38 |   4.0 |      23 |       1 |   4.2
        D:6 |     824 |     290 |  26.0 |      24 |       1 |   4.0
        D:7 |     901 |     220 |  19.6 |      38 |       1 |   2.6
        D:8 |    1161 |    1564 |  57.4 |      21 |       9 |  30.0
        D:9 |    1738 |       0 |   0.0 |      34 |       0 |   0.0
       D:10 |     210 |       0 |   0.0 |       4 |       0 |   0.0
       D:11 |    6561 |       0 |   0.0 |      40 |       0 |   0.0
       D:12 |    6134 |       0 |   0.0 |      43 |       0 |   0.0
       D:13 |    3046 |    4008 |  56.8 |      27 |       4 |  12.9
     Lair:1 |    3010 |       0 |   0.0 |      16 |       0 |   0.0
     Lair:2 |    1821 |     703 |  27.9 |       9 |       2 |  18.2
     Lair:3 |    4316 |    2665 |  38.2 |      20 |       3 |  13.0
     Lair:4 |    5966 |    1217 |  16.9 |      24 |       2 |   7.7
     Lair:5 |    6829 |     221 |   3.1 |      21 |       7 |  25.0
     Lair:6 |    5055 |    6498 |  56.2 |      13 |      23 |  63.9
      Orc:1 |     977 |    3475 |  78.1 |      15 |      11 |  42.3
      Orc:2 |    1882 |    7402 |  79.7 |      38 |      65 |  63.1
      IceCv |       0 |    6226 | 100.0 |       0 |      54 | 100.0
   Gauntlet |       0 |    3301 | 100.0 |       0 |      12 | 100.0
            +---------+---------+-------+---------+---------+-------
